 Dungeon Crawl Stone Soup version 0.30-a0-719-gcc4359ea44 (webtiles) character file.

Game seed: 9447261205153241769

345 Dittersdorf the Shield-Bearer (level 6, -1/40 HPs)
             Began as a Gargoyle Fighter on Jan 26, 2023.
             Was an Initiate of Okawaru.
             Slain by a gnoll
             ... wielding a +0 halberd
             ... led by a gnoll bouda
              (8 damage)
             ... while paralysed by Grinder
             ... on level 4 of the Dungeon.
             The game lasted 00:03:18 (2924 turns).

Dittersdorf the Shield-Bearer (Gargoyle Fighter)    Turns: 2924, Time: 00:03:19

Health: -1/40      AC: 17    Str: 21    XL:     6   Next: 58%
Magic:  6/6        EV:  2    Int:  9    God:    Okawaru [......]
Gold:   163        SH:  0    Dex:  9    Spells: 5/5 levels left

rFire   . . .      SeeInvis .    q - +1 hammer (protect)
rCold   . . .      Faith    .    c - +0 buckler
rNeg    + . .      Spirit   .    a - +0 chain mail
rPois   ∞          Reflect  .    (no helmet)
rElec   +          Harm     .    p - +2 cloak
rCorr   .          Rampage  .    (no gloves)
Will    .....                    (no boots) Stlth
                                 (no amulet)
HPRegen 0.26/turn                n - ring of flight
MPRegen 0.10/turn                (no ring)

@: paralysed, weakened, flying
A: sickness immunity, AC +4, negative energy resistance 1, electricity
resistance, torment resistance 1, petrification resistance
a: Renounce Religion


You were on level 4 of the Dungeon.
You worshipped Okawaru.
Okawaru was noncommittal.
You visited 2 branches of the dungeon, and saw 5 of its levels.

You collected 163 gold pieces.

Inventory:

Hand Weapons
 q - a +1 hammer of protection (weapon)
Missiles
 g - 6 poisoned darts (quivered)
Armour
 a - a +0 chain mail (worn)
 c - a +0 buckler (worn)
 p - a +2 cloak (worn)
Jewellery
 n - a ring of flight (left hand)
Scrolls
 e - 7 scrolls of identify {unknown}
 h - a scroll of fear {unknown}
 i - 2 scrolls of vulnerability {unknown}
 k - 3 scrolls of enchant weapon {unknown}
 o - a scroll of acquirement {unknown}
 s - 2 scrolls of teleportation {unknown}
 u - a scroll of immolation {unknown}
Potions
 d - 2 potions of might
 f - 2 potions of invisibility {unknown}
 j - 3 potions of brilliance {unknown}
 l - a potion of heal wounds {unknown}
 m - 2 potions of curing {unknown}
 r - a potion of attraction {unknown}
 t - a potion of berserk rage {unknown}


   Skills:
 + Level 4.8 Fighting
 + Level 3.7 Maces & Flails
 + Level 4.8 Armour
 + Level 4.8 Shields


You had 5 spell levels left.
You didn't know any spells.
Your spell library contained the following spells:

 Spells                   Type           Power      Damage    Failure   Level
 Beastly Appendage        Tmut           0%         N/A       99%         1
 Ensorcelled Hibernation  Hex/Ice        0%         N/A       100%        2
 Passwall                 Tmut/Erth      0%         N/A       100%        2
 Wereblood                Tmut           0%         N/A       100%        2
 Portal Projectile        Hex/Tloc       0%         N/A       100%        3
 Spider Form              Tmut/Pois      0%         N/A       100%        3
 Swiftness                Air            0%         N/A       100%        3
 Leda's Liquefaction      Hex/Erth       0%         N/A       100%        4
 Call Canine Familiar     Summ           Unusable   N/A       N/A         3

Dungeon Overview and Level Annotations

Branches:
Dungeon (4/15)             Temple (1/1) D:4

Altars:
Cheibriados
Dithmenos
Elyvilon
Fedhas
Gozag
Hepliaklqana
Kikubaaqudgha
Nemelex Xobeh
Okawaru
Ru
Uskayaw
Vehumet
Wu Jian
Yredelemnul
Zin
The Shining One

Shops:
D:1 :

Annotations:
D:4 Grinder


Innate Abilities, Weirdness & Mutations

You are immune to sickness and miasma.
Your stone body is resilient. (AC +4)
You are immune to poison.
You resist negative energy. (rN+)
You are resistant to electric shocks. (rElec)
You are resistant to unholy torment.
You are immune to petrification.


Message History

The black bear claws you but does no damage.
The gnoll bouda closely misses you. The gnoll hits you but does no damage.
The gnoll hits you from afar with a +0 spear.
The gnoll barely misses you.
You are too injured to fight recklessly!
You are too injured to fight recklessly!
You are too injured to fight recklessly!
You are too injured to fight recklessly!
You are too injured to fight recklessly!
You are too injured to fight recklessly!
You are too injured to fight recklessly!
You are too injured to fight recklessly!
You are too injured to fight recklessly!
You are too injured to fight recklessly!
You are too injured to fight recklessly!
You are too injured to fight recklessly!
You are too injured to fight recklessly!
You are too injured to fight recklessly!
The black bear bites you but does no damage.
The black bear claws you but does no damage.
You block the black bear's attack.
The gnoll bouda hits you with a +0 club.
The gnoll attacks as you move away! You block the gnoll's attack.
The black bear bites you but does no damage.
The black bear claws you.
The black bear claws you but does no damage.
The black bear attacks as you move away!
The black bear barely misses you. You block the black bear's attack.
The black bear claws you but does no damage.
Grinder gestures at you.
You suddenly lose the ability to move!
The gnoll completely misses you.
Grinder blinks!
The gnoll hits you but does no damage.
The gnoll is no longer moving quickly.
The gnoll hits you from afar with a +0 halberd!
* * * LOW HITPOINT WARNING * * *
The black bear bites you but does no damage.
The black bear claws you but does no damage. x2
The gnoll hits you but does no damage.
The gnoll hits you from afar with a +0 halberd!
You die...

....####..###...###..####
...........#............#
#..........#............#
#..........#............#
#.....##.[.##....##.....#
##....##...#####'##....##
##....##.........#....<#
..............[.5##.)..#
##..............@##....##
*#.........##.ghg##.....#
,,,,.......##.g.g##...>##********
**,...##...+...).#.....#*,,,,,,,*
*****+*****##....#######*,,,,,,,*
**,,,,**,,,*#....#*,,,,**>,,,,<,*
**,,,,,,,,,.......,,,,,,,,,,,,,,+
,,,,,,,,,.........,,,,,,,,,,,,,,*
,,,,,,,,,..##.>..##,,,,**+*******


You could see Grinder, a black bear, a gnoll bouda and 3 gnolls.

Vanquished Creatures
  2 scorpions
  An orc priest (D:4)
  Jessica (D:3)
  Crazy Yiuf (D:2)
  An orc wizard (D:3)
  An adder (D:2)
  4 gnolls
  4 dart slugs
  3 orcs (D:3)
  3 endoplasms
  2 giant cockroaches (D:2)
  4 goblins
  7 hobgoblins
  6 jackals
  7 kobolds
  4 quokkas
  2 ball pythons
  4 bats
  3 frilled lizards
  4 rats
64 creatures vanquished.

Vanquished Creatures (others)
  12 plants (D:2)
12 creatures vanquished.

Grand Total: 76 creatures vanquished

Notes
Turn   | Place    | Note
-------+----------+-------------------------------------------
     0 | D:1      | Dittersdorf the Gargoyle Fighter began the quest for the
                  | Orb.
     0 | D:1      | Reached XP level 1. HP: 14/14 MP: 1/1
    17 | D:1      | Found Ludin's Book Shop.
   219 | D:1      | Reached XP level 2. HP: 19/19 MP: 2/2
   965 | D:2      | Found a runed translucent door.
   966 | D:2      | Noticed Crazy Yiuf
   987 | D:2      | Reached XP level 3. HP: 21/23 MP: 3/3
  1088 | D:2      | Reached XP level 4. HP: 26/29 MP: 4/4
  1396 | D:2      | Found a faded altar of an unknown god.
  1641 | D:2      | Killed Crazy Yiuf
  1754 | D:3      | Noticed a scorpion
  1761 | D:3      | Killed a scorpion
  1762 | D:3      | Reached XP level 5. HP: 22/33 MP: 5/5
  2039 | D:3      | Noticed Jessica
  2046 | D:3      | Killed Jessica
  2047 | D:3      | Reached XP level 6. HP: 36/39 MP: 6/6
  2703 | D:4      | Found a staircase to the Ecumenical Temple.
  2717 | Temple   | Entered the Ecumenical Temple
  2868 | Temple   | Became a worshipper of Warmaster Okawaru
  2913 | D:4      | Noticed Grinder
  2913 | D:4      | Noticed a black bear
  2921 | D:4      | Paralysed by Grinder for 5 turns
  2924 | D:4      | Slain by a gnoll

Illustrated notes

Levels and vault maps discovered:
D:1:      minmay_arrival_doors, layout_loops_corners, serial_shops, shop
D:2:      layout_loops_ring, hellmonk_ecumenical_altar_leap_of_faith,
          nicolae_grassy_gnolls, uniq_crazy_yiuf_cottage
D:3:      layout_loops_ring, uniq_jessica
D:4:      layout_gridville, minmay_temple_entry_proselytizer,
          minmay_tree_intersection, uniq_grinder
Temple:   nicolae_temple_elliptical

Skill      XL: |  1  2  3  4 |
---------------+-------------+-----
Armour         | 4 |  4.8
Shields        | 4 |  4.8
Fighting       | 4 |  4.8
Maces & Flails | 3 |  3.7

Action                     |  1- 3 |  4- 6 || total
---------------------------+-------+-------++-------
  Melee: Flail             |    98 |    50 ||   148
         Mace              |       |    96 ||    96
  Throw: Dart              |       |     2 ||     2
    Use: Scroll            |       |     1 ||     1
 Armour: Scale mail        |    60 |    51 ||   111
         Chain mail        |       |    42 ||    42
  Dodge: Dodged            |    52 |    92 ||   144
  Block: Buckler           |    20 |    33 ||    53

Table legend: (Time is in decaauts)
 A = Elapsed time spent in this place.
 B = Non-inter-level travel time spent in this place.
 C = Inter-level travel time spent in this place.
 D = Time resting spent in this place.
 E = Time spent auto-exploring this place.
 F = Levels seen in this place.
 G = Mean time per level.
                   A        B        C        D        E       F      G
               +--------+--------+--------+--------+--------+-----+--------+
         Total |   2995 |   2838 |    157 |    103 |   2117 |   5 |  599.0 |
       Dungeon |   2824 |   2705 |    119 |    103 |   1999 |   4 |  706.0 |
        Temple |    171 |    133 |     38 |      0 |    118 |   1 |  171.0 |
               +--------+--------+--------+--------+--------+-----+--------+

Top non-repeatable levels by time:
     D:2: 931 daAuts
     D:1: 886 daAuts
     D:3: 834 daAuts
     D:4: 173 daAuts
  Temple: 171 daAuts
